 Dungeon Crawl Stone Soup version 0.22.1-1-ga44c0e5 (webtiles) character file.

413 suicidejoker the Skirmisher (level 6, -7/49 HPs)
             Began as a Demonspawn Fighter on Oct 6, 2018.
             Mangled by an orc wizard
             ... wielding a +2 dagger of electrocution
              (14 damage)
             ... on level 3 of the Dungeon.
             The game lasted 00:04:46 (2749 turns).

suicidejoker the Skirmisher (Demonspawn Fighter)    Turns: 2749, Time: 00:04:47

Health: -7/49      AC:  7    Str: 18 (20) XL:     6   Next: 59%
Magic:  6/6        EV: 11    Int: 10      God:
Gold:   106        SH:  9    Dex: 16      Spells: 5/5 levels left

rFire    . . .     SeeInvis .   a - +1 flail
rCold    + . .     Gourm    .   c - +0 shield
rNeg     . . .     Faith    .   b - +0 scale mail
rPois    .         Spirit   .   (helmet restricted)
rElec    .         Reflect  .   (no cloak)
rCorr    .         Harm     .   (no gloves)
MR       .....     Rnd*Rage +   (no boots)
Stlth    ..........             (no amulet)
HPRegen  0.16/turn              d - +4 ring of evasion
MPRegen  0.10/turn              i - ring of protection from cold

@: no status effects
A: antennae 2, agile 2, berserk 1, strong 1
a: no special abilities


You were on level 3 of the Dungeon.
You were hungry.

You visited 1 branch of the dungeon, and saw 3 of its levels.

You collected 106 gold pieces.

Inventory:

Hand Weapons
 a - a +1 flail (weapon)
Armour
 b - a +0 scale mail (worn)
 c - a +0 shield (worn)
Jewellery
 d - a +4 ring of evasion (left hand)
 i - a ring of protection from cold (right hand)
Scrolls
 h - a scroll of teleportation {unknown}
 k - 2 scrolls of remove curse
 l - a scroll of identify {unknown}
Potions
 e - 2 potions of brilliance
Comestibles
 f - 7 rations
 g - 3 chunks of flesh


   Skills:
 + Level 4.5 Fighting
 + Level 3.6 Maces & Flails
 + Level 4.1 Armour
 + Level 4.0 Shields


You had 5 spell levels left.
You didn't know any spells.
Your spell library was empty.

Dungeon Overview and Level Annotations

Branches:
Dungeon (3/15)

Altars:
Trog


Innate Abilities, Weirdness & Mutations

You have a pair of antennae on your head.
You are very agile. (Dex +4)
You tend to lose your temper in combat.
Your muscles are strong. (Str +2)


Message History

You kill the orc!
The orc wizard gestures at you while chanting.
The magic dart hits you!
You sock the orc wizard!
The orc wizard is heavily wounded.
The orc wizard is no longer moving quickly.
You block the orc wizard's attack.
The orc wizard hits you but does no damage.
You are feeling hungry.
You closely miss the orc wizard.
The orc wizard is heavily wounded.
The orc wizard hits you with a dagger of electrocution.
You are electrocuted!
* * * LOW HITPOINT WARNING * * *
You hit the orc wizard.
The orc wizard is severely wounded.
The orc wizard hits you with a dagger of electrocution.
* * * LOW HITPOINT WARNING * * *
You are electrocuted!
You die...

..............#.#####.
####..........#.......
#####..†...#.......
#......#.......
#......#.......
#......#.......
#......†)......
.########o.............
.......@oro.....>......
.###############.......
....... ....... .......
...#... ..###..


You could see an orc wizard, 2 orcs and a rat.

Vanquished Creatures
  Grinder (D:3)
  2 orc priests
  3 gnolls (D:2)
  4 adders
  6 worms
  2 dart slugs
  5 orcs
  3 giant cockroaches
  6 goblins
  9 hobgoblins
  8 jackals
  A quokka (D:2)
  A ball python (D:1)
  4 bats
  5 frilled lizards
  11 kobolds
  13 rats
84 creatures vanquished.

Vanquished Creatures (others)
  A rat (D:1)
1 creature vanquished.

Grand Total: 85 creatures vanquished

Notes
Turn   | Place    | Note
-------+----------+-------------------------------------------
     0 | D:1      | suicidejoker the Demonspawn Fighter began the quest for the
                  | Orb.
     0 | D:1      | Reached XP level 1. HP: 18/18 MP: 1/1
   435 | D:1      | Gained mutation: You have a pair of small antennae on your
                  | head. [demonic ancestry]
   435 | D:1      | Reached XP level 2. HP: 17/24 MP: 2/2
  1031 | D:2      | Reached XP level 3. HP: 5/29 MP: 3/3
  1514 | D:2      | Reached XP level 4. HP: 8/35 MP: 4/4
  1516 | D:2      | HP: 2/52 [orc (4)]
  2055 | D:2      | Gained mutation: Your muscles are strong. (Str +2) [potion
                  | of mutation]
  2055 | D:2      | Gained mutation: You tend to lose your temper in combat.
                  | [potion of mutation]
  2055 | D:2      | Gained mutation: You are agile. (Dex +2) [potion of
                  | mutation]
  2055 | D:2      | Gained mutation: You are very agile. (Dex +4) [potion of
                  | mutation]
  2060 | D:2      | Reached XP level 5. HP: 14/42 MP: 5/5
  2354 | D:2      | Noticed a moth of wrath
  2358 | D:2      | Found a bloodstained altar of Trog.
  2560 | D:3      | Noticed Grinder
  2571 | D:3      | Paralysed by Grinder for 4 turns
  2584 | D:3      | Paralysed by Grinder for 3 turns
  2588 | D:3      | Killed Grinder
  2588 | D:3      | Gained mutation: You have a pair of antennae on your head.
                  | [demonic ancestry]
  2588 | D:3      | Reached XP level 6. HP: 22/49 MP: 6/6
  2749 | D:3      | Mangled by an orc wizard

Skill      XL: |  1  2  3  4  5  6 |
---------------+-------------------+-----
Maces & Flails | 2 3 |  3.6
Shields        | 3 4 |  4.0
Armour         | 3 4 |  4.1
Fighting       | 4 |  4.5

Action                   |  1- 3 |  4- 6 || total
-------------------------+-------+-------++-------
Melee: Flail             |    77 |   139 ||   216
       Hand axe          |    54 |       ||    54
  Use: Potion            |     2 |     8 ||    10
       Scroll            |     2 |       ||     2
  Eat: Chunk             |     2 |     4 ||     6
Armor: Scale mail        |    67 |    77 ||   144
Dodge: Dodged            |    42 |    68 ||   110
Block: Shield            |    79 |    83 ||   162
